| TOP OF THE 1ST |
|
Tri-City Dust Devils batting - Pitching for Medford Nuggets : RHP Danny Gutierrez
|
|
Pitching: RHP Danny Gutierrez
|
|
|
Batting: LHB LaVel Freeman
|
0-0: Ball 1-0: Foul Ball, location: 2F 1-1: Ball 2-1: Swinging Strike 2-2: Strikes out swinging
|
|
Batting: LHB Daraka Shaheed
|
0-0: Called Strike 0-1: Ball 1-1: Ground out 4-3 (Groundball, 4, EV 109.4 MPH)
|
|
Batting: RHB Desmond Brooks
|
0-0: Swinging Strike 0-1: Ball 1-1: Ball 2-1: Ball 3-1: Base on Balls
|
|
Batting: RHB Felipe Hernandez
|
0-0: Called Strike 0-1: Swinging Strike 0-2: Fielders Choice at 2nd, U4 (Groundball, 4M, EV 95.0 MPH)
|
| Top of the 1st over - 0 runs, 0 hits, 0 errors, 1 left on base; Tri-City 0 - Medford 0 |
| BOTTOM OF THE 1ST |
|
Medford Nuggets batting - Pitching for Tri-City Dust Devils : RHP Guillermo Perez
|
|
Pitching: RHP Guillermo Perez
|
|
|
Batting: LHB Todd Thomas
|
0-0: Ball 1-0: Called Strike 1-1: Foul Ball, location: 2F 1-2: Ball 2-2: Ball 3-2: Strikes out swinging
|
|
Batting: RHB Michael Moreno
|
0-0: Ball 1-0: Called Strike 1-1: Swinging Strike 1-2: Strikes out swinging
|
|
Batting: LHB Jose Mantilla
|
0-0: Foul Ball, location: 2F 0-1: Ball 1-1: Foul Ball, location: 2F 1-2: SINGLE (Groundball, 34D, EV 96.3 MPH)
|
|
Batting: RHB Michael Lavery
|
0-0: SINGLE (Groundball, 6MD, EV 103.1 MPH) Jose Mantilla to second
|
|
Batting: RHB Carl Hollis
|
0-0: Foul Ball, location: 2F 0-1: Fielders Choice at 2nd, 6-4 (Groundball, 6, EV 102.5 MPH)
|
| Bottom of the 1st over - 0 runs, 2 hits, 0 errors, 2 left on base; Tri-City 0 - Medford 0 |
| TOP OF THE 2ND |
|
Tri-City Dust Devils batting - Pitching for Medford Nuggets : RHP Danny Gutierrez
|
|
Batting: LHB Rafael Codinach
|
0-0: Ball 1-0: Ground out 5-3 (Groundball, 5, EV 81.9 MPH)
|
|
Batting: LHB George Priftis
|
0-0: Ball 1-0: Ground out 3-1 (Groundball, 34D, EV 86.9 MPH)
|
|
Batting: RHB Dennis Glynn
|
0-0: Ball 1-0: Ball 2-0: Swinging Strike 2-1: Ball 3-1: Foul Ball, location: 2F 3-2: SINGLE (Flyball, 89S, EV 85.0 MPH)
|
|
Batting: RHB Gereld McDermott
|
0-0: Ball 1-0: Fly out, F9 (Flyball, 89S, EV 84.4 MPH)
|
| Top of the 2nd over - 0 runs, 1 hit, 0 errors, 1 left on base; Tri-City 0 - Medford 0 |
| BOTTOM OF THE 2ND |
|
Medford Nuggets batting - Pitching for Tri-City Dust Devils : RHP Guillermo Perez
|
|
Batting: LHB Dave Vetsch
|
0-0: Foul Ball, location: 2F 0-1: Ball 1-1: Called Strike 1-2: Ground out 3-1 (Groundball, 34, EV 88.1 MPH)
|
|
Batting: RHB Scot Mitchell
|
0-0: Swinging Strike 0-1: Ground out 4-3 (Groundball, 4, EV 101.9 MPH)
|
|
Batting: RHB Scott Roebuck
|
0-0: Called Strike 0-1: Foul Ball, location: 2F 0-2: Ball 1-2: Ball 2-2: Strikes out swinging
|
| Bottom of the 2nd over - 0 runs, 0 hits, 0 errors, 0 left on base; Tri-City 0 - Medford 0 |
| TOP OF THE 3RD |
|
Tri-City Dust Devils batting - Pitching for Medford Nuggets : RHP Danny Gutierrez
|
|
Batting: RHB Jeff DeWillis
|
0-0: Ball 1-0: Fly out, F9 (Flyball, 9D, EV 90.0 MPH)
|
|
Batting: LHB LaVel Freeman
|
0-0: Ball 1-0: Ball 2-0: SINGLE (Line Drive, 7S, EV 90.0 MPH)
|
|
Batting: LHB Daraka Shaheed
|
0-0: Ball LaVel Freeman is caught stealing 2nd base 2-6 1-0: Ground out 4-3 (Groundball, 4, EV 81.9 MPH)
|
| Top of the 3rd over - 0 runs, 1 hit, 0 errors, 0 left on base; Tri-City 0 - Medford 0 |
| BOTTOM OF THE 3RD |
|
Medford Nuggets batting - Pitching for Tri-City Dust Devils : RHP Guillermo Perez
|
|
Batting: RHB Gary Crabtree
|
0-0: Swinging Strike 0-1: Foul Ball, location: 2F 0-2: Strikes out swinging
|
|
Batting: LHB Todd Thomas
|
0-0: Ball 1-0: Foul Ball, location: 2F 1-1: Fly out, F9 (Flyball, 9S, EV 87.5 MPH)
|
|
Batting: RHB Michael Moreno
|
0-0: SOLO HOME RUN (Flyball, 7D, EV 108.1 MPH), Distance : 360 ft
|
|
Batting: LHB Jose Mantilla
|
0-0: Called Strike 0-1: Ball 1-1: Ball 2-1: Swinging Strike 2-2: Strikes out looking
|
| Bottom of the 3rd over - 1 run, 1 hit, 0 errors, 0 left on base; Tri-City 0 - Medford 1 |
| TOP OF THE 4TH |
|
Tri-City Dust Devils batting - Pitching for Medford Nuggets : RHP Danny Gutierrez
|
|
Batting: RHB Desmond Brooks
|
0-0: Called Strike 0-1: Swinging Strike 0-2: Fly out, F9 (Flyball, 9, EV 93.1 MPH)
|
|
Batting: RHB Felipe Hernandez
|
0-0: Ball 1-0: Foul Ball, location: 2F 1-1: Foul Ball, location: 2F 1-2: Ball 2-2: Ball 3-2: Ground out 4-3 (Groundball, 4, EV 86.9 MPH)
|
|
Batting: LHB Rafael Codinach
|
0-0: Ball 1-0: Called Strike 1-1: Called Strike 1-2: Strikes out looking
|
| Top of the 4th over - 0 runs, 0 hits, 0 errors, 0 left on base; Tri-City 0 - Medford 1 |
| BOTTOM OF THE 4TH |
|
Medford Nuggets batting - Pitching for Tri-City Dust Devils : RHP Guillermo Perez
|
|
Batting: RHB Michael Lavery
|
0-0: SINGLE (Groundball, 6D, EV 95.6 MPH)
|
|
Batting: RHB Carl Hollis
|
0-0: Foul Ball, location: 2F 0-1: Foul Ball, location: 2F 0-2: SINGLE (Line Drive, 34D, EV 96.9 MPH) Michael Lavery to second
|
|
Batting: LHB Dave Vetsch
|
0-0: Ball 1-0: Ball 2-0: Called Strike 2-1: Fly out, F7 (Flyball, 7S, EV 88.8 MPH)
|
|
Batting: RHB Scot Mitchell
|
0-0: Swinging Strike 0-1: Ball 1-1: Foul Ball, location: 2F 1-2: Ball 2-2: Strikes out looking
|
|
Batting: RHB Scott Roebuck
|
0-0: Foul Ball, location: 2F 0-1: Fly out, F3 (Line Drive, 3, EV 71.9 MPH)
|
| Bottom of the 4th over - 0 runs, 2 hits, 0 errors, 2 left on base; Tri-City 0 - Medford 1 |
| TOP OF THE 5TH |
|
Tri-City Dust Devils batting - Pitching for Medford Nuggets : RHP Danny Gutierrez
|
|
Batting: LHB George Priftis
|
0-0: Called Strike 0-1: Ball 1-1: Called Strike 1-2: Ball 2-2: SINGLE (Line Drive, 8LM, EV 91.3 MPH)
|
|
Batting: RHB Dennis Glynn
|
0-0: Ball 1-0: Ball 2-0: Fielders Choice at 2nd, 1-6 (Groundball, 34S, EV 68.1 MPH)
|
|
Batting: RHB Gereld McDermott
|
0-0: Called Strike 0-1: Ball 1-1: Swinging Strike 1-2: Foul Ball, location: 2F 1-2: Ball 2-2: Ball 3-2: SINGLE (Line Drive, 4D, EV 98.8 MPH) Dennis Glynn to second
|
|
Batting: RHB Jeff DeWillis
|
0-0: Called Strike 0-1: Ball 1-1: Ball 2-1: Swinging Strike 2-2: SINGLE (Groundball, P, EV 84.4 MPH) (infield hit) Dennis Glynn to third Gereld McDermott to second
|
|
Batting: LHB LaVel Freeman
|
0-0: Called Strike 0-1: Ball 1-1: Foul Ball, location: 2F 1-2: Foul Ball, location: 2F 1-2: Ball 2-2: SINGLE (Groundball, 4M, EV 102.5 MPH) Dennis Glynn scores Gereld McDermott to third Jeff DeWillis to second Runner from 3rd tries for Home, SAFE, throw by CF to home
|
|
Batting: LHB Daraka Shaheed
|
0-0: Foul Ball, location: 2F 0-1: Ball 1-1: Ball 2-1: Swinging Strike 2-2: Ball 3-2: Foul Ball, location: 2F 3-2: Strikes out swinging
|
|
Batting: RHB Desmond Brooks
|
0-0: Fly out, F8 (Flyball, 8LS, EV 86.3 MPH)
|
| Top of the 5th over - 2 runs, 4 hits, 0 errors, 2 left on base; Tri-City 2 - Medford 1 |
| BOTTOM OF THE 5TH |
|
Medford Nuggets batting - Pitching for Tri-City Dust Devils : RHP Guillermo Perez
|
|
Batting: RHB Gary Crabtree
|
0-0: Ball 1-0: Fly out, F8 (Flyball, 89D, EV 91.9 MPH)
|
|
Batting: LHB Todd Thomas
|
0-0: Ball 1-0: Ball 2-0: Ground out 4-3 (Groundball, 4S, EV 80.6 MPH)
|
|
Batting: RHB Michael Moreno
|
0-0: Foul Ball, location: 2F 0-1: SINGLE (Line Drive, 4MD, EV 97.5 MPH)
|
|
Batting: LHB Jose Mantilla
|
0-0: Foul Ball, location: 2F 0-1: Foul Ball, location: 2F 0-2: Ball Michael Moreno steals 2nd base 1-2: Ball 2-2: Ball 3-2: SINGLE (Flyball, 78S, EV 96.3 MPH) - OUT at second base trying to stretch hit. Michael Moreno scores
|
| Bottom of the 5th over - 1 run, 2 hits, 0 errors, 0 left on base; Tri-City 2 - Medford 2 |
| TOP OF THE 6TH |
|
Tri-City Dust Devils batting - Pitching for Medford Nuggets : RHP Danny Gutierrez
|
|
Batting: RHB Felipe Hernandez
|
0-0: Called Strike 0-1: Ball 1-1: Called Strike 1-2: Foul Ball, location: 2F 1-2: Ground out 6-3 (Groundball, 6, EV 105.0 MPH)
|
|
Batting: LHB Rafael Codinach
|
0-0: Foul Ball, location: 2F 0-1: Ground out 5-3 (Groundball, 5, EV 100.0 MPH)
|
|
Batting: LHB George Priftis
|
0-0: Swinging Strike 0-1: DOUBLE (Flyball, 8LD, EV 98.8 MPH)
|
|
Batting: RHB Dennis Glynn
|
0-0: Ball 1-0: Ground out 6-3 (Groundball, 4M, EV 82.5 MPH)
|
| Top of the 6th over - 0 runs, 1 hit, 0 errors, 1 left on base; Tri-City 2 - Medford 2 |
| BOTTOM OF THE 6TH |
|
Medford Nuggets batting - Pitching for Tri-City Dust Devils : RHP Guillermo Perez
|
|
Batting: RHB Michael Lavery
|
0-0: Called Strike 0-1: Called Strike 0-2: Foul Ball, location: 2F 0-2: Ground out 5-3 (Groundball, 56S, EV 60.0 MPH)
|
|
Batting: RHB Carl Hollis
|
0-0: Ball 1-0: Foul Ball, location: 2F 1-1: Ball 2-1: Foul Ball, location: 2F 2-2: Foul Ball, location: 2F 2-2: Ball 3-2: Base on Balls
|
|
Batting: LHB Dave Vetsch
|
0-0: Called Strike 0-1: Fly out, F6 (Popup, 6MD, EV 51.9 MPH)
|
|
Batting: RHB Scot Mitchell
|
0-0: Called Strike Carl Hollis is caught stealing 2nd base 2-4
|
| Bottom of the 6th over - 0 runs, 0 hits, 0 errors, 0 left on base; Tri-City 2 - Medford 2 |
| TOP OF THE 7TH |
|
Tri-City Dust Devils batting - Pitching for Medford Nuggets : RHP Danny Gutierrez
|
|
Batting: RHB Gereld McDermott
|
0-0: Swinging Strike 0-1: Foul Ball, location: 2F 0-2: Ball 1-2: Foul Ball, location: 2F 1-2: Foul Ball, location: 2F 1-2: Foul Ball, location: 2F 1-2: Ball 2-2: Ground out 1-3 (Groundball, 34S, EV 72.5 MPH)
|
|
Batting: RHB Jeff DeWillis
|
0-0: Called Strike 0-1: Foul Ball, location: 2F 0-2: Ball 1-2: Ball 2-2: Foul Ball, location: 2F 2-2: Ball 3-2: Fly out, F9 (Flyball, 9, EV 81.3 MPH)
|
|
Batting: LHB LaVel Freeman
|
0-0: Called Strike 0-1: Fly out, F8 (Flyball, 8LM, EV 93.1 MPH)
|
| Top of the 7th over - 0 runs, 0 hits, 0 errors, 0 left on base; Tri-City 2 - Medford 2 |
| BOTTOM OF THE 7TH |
|
Medford Nuggets batting - Pitching for Tri-City Dust Devils : RHP Guillermo Perez
|
|
Batting: RHB Scot Mitchell
|
0-0: Ball 1-0: Foul Ball, location: 2F 1-1: Foul Ball, location: 2F 1-2: Fly out, F9 (Flyball, 89D, EV 89.4 MPH)
|
|
Batting: RHB Scott Roebuck
|
0-0: Ball 1-0: Called Strike 1-1: Foul Ball, location: 2F 1-2: Strikes out swinging
|
|
Batting: RHB Gary Crabtree
|
0-0: Ground out 4-3 (Groundball, 4, EV 81.9 MPH)
|
| Bottom of the 7th over - 0 runs, 0 hits, 0 errors, 0 left on base; Tri-City 2 - Medford 2 |
| TOP OF THE 8TH |
|
Tri-City Dust Devils batting - Pitching for Medford Nuggets : RHP Danny Gutierrez
|
|
Batting: LHB Daraka Shaheed
|
0-0: Ball 1-0: Ground out 6-3 (Groundball, 56, EV 81.3 MPH)
|
|
Batting: RHB Desmond Brooks
|
0-0: Called Strike 0-1: Fly out, F9 (Flyball, 9S, EV 85.6 MPH)
|
|
Batting: RHB Felipe Hernandez
|
0-0: Foul Ball, location: 2F 0-1: DOUBLE (Line Drive, 9LS, EV 94.4 MPH)
|
|
Batting: LHB Rafael Codinach
|
0-0: Foul Ball, location: 2F 0-1: TRIPLE (Line Drive, 89XD, EV 98.8 MPH) Felipe Hernandez scores
|
|
Batting: LHB George Priftis
|
0-0: Foul Ball, location: 2F 0-1: Ball 1-1: Ball 2-1: Foul Ball, location: 2F 2-2: Ball 3-2: Strikes out swinging
|
| Top of the 8th over - 1 run, 2 hits, 0 errors, 1 left on base; Tri-City 3 - Medford 2 |
| BOTTOM OF THE 8TH |
|
Medford Nuggets batting - Pitching for Tri-City Dust Devils : RHP Guillermo Perez
|
|
Batting: LHB Todd Thomas
|
0-0: SINGLE (Groundball, 4MD, EV 101.9 MPH)
|
|
Batting: RHB Michael Moreno
|
0-0: Ball 1-0: Foul Ball, location: 2F 1-1: Fielders Choice at 2nd, 4-6 (Groundball, 34, EV 86.3 MPH)
|
|
Batting: LHB Jose Mantilla
|
0-0: Called Strike 0-1: Ball 1-1: Grounds into double play, 1-4-3 (Groundball, 15S, EV 70.0 MPH)
|
| Bottom of the 8th over - 0 runs, 1 hit, 0 errors, 0 left on base; Tri-City 3 - Medford 2 |
| TOP OF THE 9TH |
|
Tri-City Dust Devils batting - Pitching for Medford Nuggets : RHP Danny Gutierrez
|
|
Pitching: RHP Pat Shackelford
|
|
|
Batting: RHB Dennis Glynn
|
0-0: Foul Ball, location: 2F 0-1: Swinging Strike 0-2: Strikes out swinging
|
|
Batting: RHB Gereld McDermott
|
0-0: Called Strike 0-1: Called Strike 0-2: SOLO HOME RUN (Flyball, 89XD, EV 110.6 MPH), Distance : 443 ft
|
|
Batting: RHB Jeff DeWillis
|
0-0: Ball 1-0: DOUBLE (Line Drive, 78M, EV 99.4 MPH)
|
|
Batting: LHB LaVel Freeman
|
0-0: Intentional Walk
|
|
Batting: LHB Daraka Shaheed
|
0-0: Ball 1-0: Swinging Strike 1-1: Ball 2-1: DOUBLE (Line Drive, 7LS, EV 96.9 MPH) Jeff DeWillis scores LaVel Freeman to third Runner from 3rd tries for Home, SAFE, no throw by LF
|
|
Pitching: RHP Miguel Valdez
|
|
|
Batting: RHB Desmond Brooks
|
0-0: Ball 1-0: Ball 2-0: Ball 3-0: Base on Balls
|
|
Batting: RHB Felipe Hernandez
|
0-0: Called Strike 0-1: Foul Ball, location: 2F 0-2: Foul Ball, location: 2F 0-2: Strikes out looking
|
|
Batting: LHB Rafael Codinach
|
0-0: Foul Ball, location: 2F 0-1: Foul Ball, location: 2F 0-2: Ball 1-2: Ball 2-2: Reached on error, E3 (Groundball, 34, EV 86.3 MPH) Daraka Shaheed to third Desmond Brooks to second
|
|
Batting: LHB George Priftis
|
0-0: Called Strike 0-1: Called Strike 0-2: Ball 1-2: Ball 2-2: Ball 3-2: Foul Ball, location: 2F 3-2: Foul Ball, location: 2F 3-2: Base on Balls Daraka Shaheed scores Desmond Brooks to third Rafael Codinach to second
|
|
Batting: RHB Dennis Glynn
|
0-0: Foul Ball, location: 2F 0-1: Foul Ball, location: 2F 0-2: Foul Ball, location: 2F 0-2: Foul Ball, location: 2F 0-2: Fielders Choice at 2nd, 6-4 (Groundball, 6D, EV 93.1 MPH)
|
| Top of the 9th over - 4 runs, 3 hits, 1 error, 3 left on base; Tri-City 7 - Medford 2 |
| BOTTOM OF THE 9TH |
|
Medford Nuggets batting - Pitching for Tri-City Dust Devils : RHP Guillermo Perez
|
|
Batting: RHB Michael Lavery
|
0-0: Called Strike 0-1: Called Strike 0-2: Foul Ball, location: 2F 0-2: Ball 1-2: Ground out 5-3 (Groundball, 56S, EV 86.3 MPH)
|
|
Batting: RHB Carl Hollis
|
0-0: Ball 1-0: Ball 2-0: Ball 3-0: Base on Balls
|
|
Batting: LHB Dave Vetsch
|
0-0: Grounds into double play, 4-6-3 (Groundball, 4, EV 85.0 MPH)
|
| Bottom of the 9th over - 0 runs, 0 hits, 0 errors, 0 left on base; Tri-City 7 - Medford 2 |
|